 Dungeon Crawl Stone Soup version 0.29-a0-23-ga79f92ac9c (webtiles) character file.

Game seed: 5627024359301432270

75665 riojii the Severer (level 15, -4/131 (134) HPs)
             Began as a Formicid Fighter on Jan 30, 2022.
             Was a High Priest of Makhleb.
             Killed from afar by a starcursed mass (5 damage)
             ... with an accursed screaming
             ... on level 3 of the Abyss.
             The game lasted 00:42:23 (28625 turns).

riojii the Severer (Formicid Fighter)              Turns: 28625, Time: 00:42:23

HP:   -4/131 (134)  AC: 24    Str: 20    XL:     15   Next: 99%
MP:   0/15          EV: 16    Int:  8    God:    Makhleb [*****.]
Gold: 595           SH: 14    Dex: 20    Spells: 14/14 levels left

rFire   . . .      SeeInvis +   t - +4 battleaxe (freeze)
rCold   + . .      Faith    .   C - +6 buckler of the Wumpus {Fly rN+ Dex+4}
rNeg    + . .      Spirit   +   h - +0 plate armour
rPois   .          Reflect  .   (helmet unavailable)
rElec   .          Harm     .   o - +2 cloak
rCorr   .          Rampage  .   d - +2 pair of gloves
Will    +....                   v - +0 pair of boots
Stlth   ..........              B - amulet of guardian spirit
HPRegen 0.31/turn               s - ring of protection from cold
MPRegen 0.14/turn               u - +4 ring of evasion

@: flying, studying 2 skills, lightly drained
A: permanent stasis, dig shafts and tunnels, antennae 3, four strong arms,
talons 1, dopey 1, robust 1
a: Dig, Shaft Self, Renounce Religion, Minor Destruction, Lesser Servant of
Makhleb, Major Destruction, Greater Servant of Makhleb


You were on level 3 of the Abyss.
You worshipped Makhleb.
Makhleb was extremely pleased with you.
You visited 3 branches of the dungeon, and saw 21 of its levels.
You visited the Abyss 1 time.
You also visited: Sewer.

You collected 1167 gold pieces.
You spent 572 gold pieces at shops.

Inventory:

Hand Weapons
 t - a +4 battleaxe of freezing (weapon)
Missiles
 n - 2 throwing nets
Armour
 d - a +2 pair of gloves (worn)
 h - a +0 plate armour (worn)
 o - a +2 cloak (worn)
 v - a +0 pair of boots (worn)
 C - the +6 buckler of the Wumpus (worn) {Fly rN+ Dex+4}
   (You found it on level 3 of the Lair of Beasts)

   Dex:       It affects your dexterity (+4).
   rN:        It protects you from negative energy.
   Fly:       It grants you flight.
Jewellery
 s - a ring of protection from cold (left hand)
 u - a +4 ring of evasion (right hand)
 B - an amulet of guardian spirit (around neck)
 K - a ring of positive energy
 L - a ring of protection from fire
Wands
 b - a wand of flame (40)
 i - a wand of iceblast (6)
 r - a wand of digging (10)
 z - a wand of mindburst (8)
 D - a wand of charming (6)
 G - a wand of acid (10)
 H - a wand of polymorph (13)
Scrolls
 g - 4 scrolls of fear
 k - 2 scrolls of amnesia
 w - 7 scrolls of identify
 y - a scroll of summoning
 A - 4 scrolls of magic mapping
 F - a scroll of brand weapon
 I - 3 scrolls of fog
Potions
 a - 2 potions of resistance
 c - a potion of cancellation
 e - 9 potions of curing
 f - a potion of ambrosia
 l - 3 potions of mutation
 p - 3 potions of flight
 x - 5 potions of brilliance
 E - a potion of attraction
 J - a potion of magic {unknown}


   Skills:
 + Level 12.8 Fighting
 * Level 16.0 Axes
 + Level 12.7 Armour
 + Level 10.9 Dodging
 + Level 13.8 Shields


You had 14 spell levels left.
You didn't know any spells.
Your spell library contained the following spells:

 Spells                   Type           Power      Damage    Failure   Level
 Slow                     Hex            0%         N/A       100%        1
 Static Discharge         Conj/Air       0%         N/A       100%        2
 Confusing Touch          Hex            0%         N/A       100%        3
 Dazzling Flash           Conj/Hex       0%         N/A       100%        3
 Lesser Beckoning         Tloc           0%         N/A       100%        3
 Vampiric Draining        Necr           0%         2d6       100%        3
 Animate Armour           Summ/Erth      0%         N/A       100%        4
 Dispel Undead            Necr           0%         3d6       100%        4
 Sticky Flame             Conj/Fire      0%         2d3       100%        4
 Agony                    Necr           0%         N/A       100%        5
 Blade Hands              Tmut           0%         N/A       100%        5
 Manifold Assault         Tloc           0%         N/A       100%        5
 Silence                  Hex/Air        0%         N/A       100%        5
 Yara's Violent Unravell  Hex/Tmut       0%         3d3       100%        5
 Iron Shot                Conj/Erth      0%         9d1       100%        6
 Enfeeble                 Hex            0%         N/A       100%        7
 Blink                    Tloc           Unusable   N/A       N/A         2

Dungeon Overview and Level Annotations

Branches:
Dungeon (14/15)            Temple (1/1) D:7            Lair (6/6) D:9
 Shoals (0/4) Lair:4        Snake (0/4) Lair:4        Slime (0/5) Lair:5
    Orc (0/2) D:11          Sewer (visited)
 Vaults: D:13-14

Altars:
Ashenzari
Cheibriados
Dithmenos
Elyvilon
Fedhas
Gozag
Hepliaklqana
Kikubaaqudgha
Makhleb
Nemelex Xobeh
Okawaru
Qazlal
Ru
Sif Muna
Trog
Uskayaw
Vehumet
Wu Jian
Xom
Yredelemnul
Zin
The Shining One
Jiyva

Shops:
D:7 (   D:9 ?   D:10 =*((

Annotations:
D:7 3 runed translucent doors, frimble's ghost, novice DsWr
D:14 Louise
Lair:5 exclusion: 4 oklob plants


Innate Abilities, Weirdness & Mutations

You cannot be hasted, slowed, berserked, paralysed or teleported.
You can dig through walls and to a lower floor.
You have a pair of large antennae on your head. (SInv)
Your four strong arms can wield two-handed weapons with a shield.
You have sharp toenails.
You are dopey. (Int -2)
You are robust. (+10% HP)


Message History

A starspawn tentacle comes into view.
You slice the tentacled starspawn!! You freeze the tentacled starspawn!
The tentacled starspawn is moderately damaged.
You block the tentacled starspawn's attack.
The tentacled starspawn tentacle-slaps you but does no damage.
You slash the tentacled starspawn! You freeze the tentacled starspawn.
The tentacled starspawn is heavily damaged.
You block the tentacled starspawn's attack.
The tentacled starspawn tentacle-slaps you but does no damage.
You barely miss the tentacled starspawn.
The tentacled starspawn is heavily damaged.
The tentacled starspawn closely misses you.
You block the tentacled starspawn's attack.
You slash the tentacled starspawn! You freeze the tentacled starspawn.
The tentacled starspawn is severely damaged.
The tentacled starspawn bites you!!
* * * LOW HITPOINT WARNING * * *
The tentacled starspawn tentacle-slaps you but does no damage.
You slash the tentacled starspawn! You freeze the tentacled starspawn.
The tentacled starspawn is almost destroyed.
The tentacled starspawn closely misses you.
The tentacled starspawn tentacle-slaps you.
You slice the tentacled starspawn!! You freeze the tentacled starspawn.
You destroy the tentacled starspawn!
That felt strangely unrewarding.
The starspawn's tentacles wither and die.
You start resting.
A starcursed mass is nearby!
A starcursed mass is nearby!
The starcursed mass shrieks in your mind.
* * * LOW HITPOINT WARNING * * *
The starcursed mass shrieks in your mind.
* * * LOW HITPOINT WARNING * * *
The starcursed mass shrieks in your mind.
* * * LOW HITPOINT WARNING * * *
A large abomination comes into view.
The starcursed mass shrieks in your mind.
* * * LOW HITPOINT WARNING * * *
The starcursed mass shrieks in your mind.
You die...

..... .....
≈X≈≈. ≈≈≈.. #
######.≈# .
#.#.....#.#.# {
###...≈≈≈≈..# {
#...#@##.### .
#... ##..#≈.# .
# .≈#≈≈≈≈## #.
. .≈≈.≈≈≈≈≈ . #
#..≈≈#X#≈≈.#
##.###≈.#≈.....
.. ...........
. . ..# .......
# .. .. # . #.


You could see a starcursed mass and a large abomination.

Vanquished Creatures
  2 tentacled starspawn (Abyss:3)
  Frances (D:14)
  Kirke (D:14)
  A fire dragon (Lair:6)
  Harold (D:8)
  3 boulder beetles
  11 hydras
  A catoblepas (Lair:3)
  A centaur warrior (D:14)
  6 two-headed ogres
  A thrashing horror (Abyss:3)
  7 death yaks
  2 wretched stars (Abyss:3)
  4 skeletal warriors (D:11)
  Pikel (D:7)
  A lindwurm (Lair:6)
  2 wolf spiders (Lair:1)
  3 ugly things
  2 cyclopes (D:13)
  A manticore (D:13)
  Maurice (D:8)
  A moth of wrath (Lair:5)
  6 elephants (Lair:6)
  A merfolk siren (Lair:4)
  4 black mambas
  3 molten gargoyles (Lair:6)
  13 cane toads
  A kobold demonologist (D:10)
  An unseen horror (D:12)
  Maggie (Lair:1)
  3 rime drakes
  16 komodo dragons
  3 trolls
  A polar bear (Lair:6)
  6 dream sheep (Lair:5)
  24 blink frogs
  Sigmund (D:4)
  2 shadows
  2 vampires
  4 wraiths
  76 yaks
  4 hogs (D:14)
  10 wyverns
  4 basilisks
  A small abomination (Abyss:3)
  A steam dragon (Lair:6)
  4 nagas (Lair:4)
  A two-headed ogre zombie (D:11)
  4 swamp worms (Lair:5)
  2 acid dragons (D:12)
  Edmund (D:5)
  5 orc warriors
  Duvessa (D:7)
  17 water moccasins
  4 hell hounds (Lair:6)
  2 sky beasts
  A black bear (Lair:4)
  4 necrophages
  2 ogres
  5 centaurs
  16 wolves
  2 phantoms (D:11)
  3 kobold brigands
  10 bullfrogs
  A gnoll sergeant (D:10)
  5 scorpions
  3 water moccasin skeletons (D:5)
  Dowan (D:7)
  A troll zombie (D:11)
  5 killer bees (D:7)
  9 wights (D:6)
  2 howler monkeys
  5 lava snakes (Lair:6)
  A bullfrog zombie (D:7)
  6 starcursed masses (Abyss:3)
  6 centaur zombies
  5 jellies (D:8)
  A gnoll shaman (D:7)
  11 orc priests
  2 hounds (D:6)
  An iguana (D:6)
  A centaur skeleton (D:5)
  Ijyb (D:4)
  Natasha (thrice) (D:2)
  13 orc wizards
  A hell rat (D:9)
  A killer bee zombie (D:8)
  6 ogre zombies (D:11)
  A hound skeleton (D:4)
  8 gnolls
  A howler monkey skeleton (D:7)
  5 river rats
  8 adders
  2 shadow imps
  A white imp (D:7)
  An ufetubus (D:5)
  3 adder skeletons (D:4)
  7 worms
  A dart slug (D:3)
  33 orcs
  8 bats
  12 endoplasms
  7 giant cockroaches
  5 goblins
  6 hobgoblins
  3 jackals (D:4)
  11 kobolds
  11 quokkas
  14 ball pythons
  4 frilled lizards
  6 goblin zombies (D:11)
  4 hobgoblin skeletons (D:11)
  An orc skeleton (D:11)
  14 orc zombies (D:11)
  7 rats
601 creatures vanquished.

Vanquished Creatures (others)
  A centaur (Lair:6)
  18 fungi
  37 plants
  14 starspawn tentacles (Abyss:3)
70 creatures vanquished.

Grand Total: 671 creatures vanquished

Notes
Turn   | Place    | Note
-------+----------+-------------------------------------------
     0 | D:1      | riojii the Formicid Fighter began the quest for the Orb.
     0 | D:1      | Reached XP level 1. HP: 18/18 MP: 1/1
   128 | D:1      | Reached XP level 2. HP: 22/24 MP: 2/2
   563 | D:1      | Reached XP level 3. HP: 27/29 MP: 3/3
  1053 | D:1      | Found a faded altar of an unknown god.
  1180 | D:2      | Reached skill level 1 in Dodging
  1180 | D:2      | Reached XP level 4. HP: 24/37 MP: 4/4
  1302 | D:2      | Reached skill level 3 in Axes
  1329 | D:2      | Noticed a scorpion
  1335 | D:2      | Killed a scorpion
  1336 | D:2      | Reached XP level 5. HP: 42/42 MP: 5/5
  1473 | D:2      | Noticed Natasha
  1478 | D:2      | Killed Natasha
  1522 | D:2      | Noticed Natasha
  1535 | D:2      | Killed Natasha
  1536 | D:2      | Reached XP level 6. HP: 41/48 MP: 6/6
  1560 | D:2      | Noticed Natasha
  1566 | D:2      | Killed Natasha
  2368 | D:3      | Reached skill level 4 in Axes
  2915 | D:4      | Noticed a necrophage
  2926 | D:4      | Killed a necrophage
  2927 | D:4      | Reached XP level 7. HP: 41/55 MP: 7/7
  3832 | D:4      | Noticed Sigmund
  3843 | D:4      | Killed Sigmund
  3844 | D:4      | Reached skill level 5 in Shields
  3882 | D:4      | Noticed Ijyb
  3892 | D:4      | Killed Ijyb
  4564 | D:5      | Entered Level 5 of the Dungeon
  4569 | D:5      | Noticed Edmund
  4577 | D:5      | Killed Edmund
  4578 | D:5      | Reached skill level 5 in Axes
  4580 | D:5      | Reached XP level 8. HP: 39/61 MP: 8/8
  4583 | D:5      | Reached skill level 5 in Fighting
  4583 | D:5      | Reached skill level 5 in Armour
  4730 | D:5      | Found a glowing drain.
  4753 | Sewer    | Entered a sewer
  5197 | Sewer    | Reached skill level 6 in Axes
  6494 | D:4      | Identified the +2 ring mail "Yxkihyust" {Str+2}
  6536 | D:6      | Reached XP level 9. HP: 69/69 MP: 9/9
  7955 | D:5      | Reached skill level 9 in Axes
  7955 | D:5      | Reached XP level 10. HP: 78/78 MP: 10/10
  8542 | D:6      | Reached skill level 10 in Axes
  8803 | D:7      | Found Openuet's Weapon Emporium.
  8851 | D:7      | Noticed Pikel
  8870 | D:7      | Killed Pikel
  9674 | D:7      | Noticed frimble's ghost (novice DsWr)
  9674 | D:7      | Noticed Dowan
  9674 | D:7      | Noticed Duvessa
  9698 | D:7      | Killed Duvessa
  9707 | D:7      | Killed Dowan
  9817 | D:7      | Found a runed translucent gate.
  9818 | D:7      | Found a runed translucent gate.
  9818 | D:7      | Found a runed translucent gate.
  9845 | D:7      | Reached XP level 11. HP: 77/87 MP: 11/11
  9997 | D:7      | Found a staircase to the Ecumenical Temple.
 11087 | Temple   | Entered the Ecumenical Temple
 11242 | Temple   | Became a worshipper of Makhleb the Destroyer
 11318 | D:8      | Noticed Harold
 11327 | D:8      | Killed Harold
 11481 | D:8      | Noticed a two-headed ogre
 11487 | D:8      | Killed a two-headed ogre
 11587 | D:8      | Noticed Maurice
 11613 | D:8      | Killed Maurice
 11864 | D:8      | Found a viscous altar of Jiyva.
 11991 | D:9      | Found Ikho's Magic Scroll Emporium.
 12502 | D:9      | Noticed a death yak
 12503 | D:9      | Found a staircase to the Lair.
 12503 | D:9      | Noticed a death yak
 12503 | D:9      | Noticed a death yak
 12588 | D:8      | Killed a death yak
 12589 | D:8      | Reached skill level 11 in Axes
 13371 | D:9      | Killed a death yak
 13384 | D:9      | Killed a death yak
 13437 | D:10     | Entered Level 10 of the Dungeon
 13448 | D:10     | Reached * piety under Makhleb
 13466 | D:10     | Gained mutation: You are robust. (+10% HP) [potion of
                  | mutation]
 13466 | D:10     | Gained mutation: You are dopey. (Int -2) [potion of
                  | mutation]
 13466 | D:10     | Gained mutation: You have sharp toenails. [potion of
                  | mutation]
 13506 | D:10     | Found Otzagung's General Store.
 13524 | D:10     | Reached skill level 10 in Shields
 13686 | D:10     | Found Yngaodof's Jewellery Shoppe.
 13776 | D:10     | Found Xoxkimyt's Antique Weapon Emporium.
 13778 | D:10     | Noticed a five-headed hydra
 13786 | D:10     | Killed a ten-headed hydra
 13787 | D:10     | Reached XP level 12. HP: 18/105 MP: 12/12
 14246 | D:10     | Noticed a two-headed ogre
 14258 | D:10     | Killed a two-headed ogre
 14646 | D:10     | Found Faptiet's Antique Weapon Shop.
 14960 | D:10     | You fall into a shaft and drop 2 floors!
 14960 | D:12     | Noticed a two-headed ogre
 14967 | D:12     | Killed a two-headed ogre
 15199 | D:10     | Found a shadowy altar of Dithmenos.
 15206 | D:10     | Found a stormy altar of Qazlal.
 15316 | D:11     | Reached skill level 12 in Axes
 15337 | D:11     | Noticed a two-headed ogre
 15348 | D:11     | Killed a two-headed ogre
 15401 | D:11     | Noticed a two-headed ogre
 15409 | D:11     | Killed a two-headed ogre
 15496 | D:11     | Noticed a skeletal warrior
 15498 | D:11     | Noticed a skeletal warrior
 15506 | D:11     | Noticed a skeletal warrior
 15644 | Lair:1   | Entered Level 1 of the Lair of Beasts
 15655 | Lair:1   | Reached skill level 10 in Fighting
 15863 | Lair:1   | Reached skill level 10 in Armour
 16107 | Lair:1   | Identified the +0 chain mail "Joleh" {Harm Str+3}
 16183 | Lair:1   | Reached XP level 13. HP: 55/113 MP: 13/13
 16186 | Lair:1   | Reached ** piety under Makhleb
 16435 | Lair:1   | Noticed Maggie
 16448 | Lair:1   | Killed Maggie
 17152 | Lair:1   | Noticed a five-headed hydra
 17156 | Lair:1   | Killed a five-headed hydra
 17307 | Lair:2   | Reached skill level 13 in Axes
 17474 | Lair:2   | HP: 5/114 [death yak (14)]
 17991 | Lair:2   | Noticed an eight-headed hydra
 18005 | Lair:2   | Killed a 13-headed hydra
 18612 | Lair:3   | Noticed a catoblepas
 18658 | Lair:3   | Noticed a six-headed hydra
 18660 | Lair:3   | Noticed a four-headed hydra
 18668 | Lair:3   | Killed a ten-headed hydra
 18671 | Lair:3   | Killed an 11-headed hydra
 18950 | Lair:3   | Killed a catoblepas
 19051 | Lair:3   | Reached *** piety under Makhleb
 19398 | Lair:3   | Identified the +6 buckler of the Wumpus {Fly rN+ Dex+4}
 19680 | Lair:4   | Reached XP level 14. HP: 124/124 MP: 14/14
 19784 | Lair:4   | Reached skill level 14 in Axes
 20313 | Lair:4   | Reached **** piety under Makhleb
 20452 | Lair:4   | Found a staircase to the Shoals.
 20519 | Lair:4   | Found a staircase to the Snake Pit.
 21914 | Lair:5   | Found a staircase to the Slime Pits.
 22154 | Lair:6   | Entered Level 6 of the Lair of Beasts
 22294 | Lair:6   | Reached ***** piety under Makhleb
 22345 | Lair:6   | Found a basalt altar of Yredelemnul.
 22677 | Lair:6   | Reached XP level 15. HP: 59/132 MP: 8/15
 22734 | Lair:6   | Reached skill level 15 in Axes
 22895 | Lair:6   | Found a large runed translucent door.
 22895 | Lair:6   | Found a large runed translucent door.
 23144 | Lair:6   | Reached skill level 10 in Dodging
 24683 | D:9      | Bought a scroll of acquirement for 572 gold pieces
 24683 | D:9      | Acquired a manual of Dodging
 25472 | D:11     | Found a staircase to the Orcish Mines.
 28298 | D:14     | Noticed Frances
 28316 | D:14     | Killed Frances
 28317 | D:14     | Reached skill level 16 in Axes
 28370 | D:14     | Noticed Kirke
 28389 | D:14     | Killed Kirke
 28455 | D:14     | Noticed Louise
 28465 | D:14     | Cast into level 3 of the Abyss (Louise)
 28465 | Abyss:3  | Found a corrupted altar of Lugonu.
 28500 | Abyss:3  | Noticed a tentacled starspawn
 28505 | Abyss:3  | Found a corrupted altar of Lugonu.
 28546 | Abyss:3  | HP: 3/131 [rock wall collision (19)]
 28586 | Abyss:3  | Killed a tentacled starspawn
 28588 | Abyss:3  | Noticed a tentacled starspawn
 28608 | Abyss:3  | Killed a tentacled starspawn
 28622 | Abyss:3  | HP: 2/131 [starcursed mass/accursed screaming (5)]
 28625 | Abyss:3  | Killed from afar by a starcursed mass

Illustrated notes

Levels and vault maps discovered:
D:1:      mushboom_english_gardens, layout_basic,
          shapermc_ecumenical_altar_petra
D:2:      layout_basic, uniq_natasha
D:3:      minmay_door_path, layout_loops_ring
D:4:      layout_layer_cave, uniq_sigmund, uniq_ijyb
D:5:      layout_basic, portal_sewer_entry_f, uniq_edmund
D:6:      wad_pebble_path, layout_loops_corners
D:7:      layout_loops_ring, minmay_temple_entry_from_below_a,
          gammafunk_ghost_nasty_kobolds, serial_shops,
          nicolae_shop_bloodbath_and_beyond, serial_bayou_crossing,
          uniq_duvessa, uniq_pikel
D:8:      layout_gridville, enter_ossuary_5, nrook_mini_backslash,
          moated_statue, jiyva_altar_1, uniq_maurice, uniq_harold
D:9:      layout_irregular_city, dpeg_lair_monsters, serial_shops,
          nicolae_stop_n_shop_1, grunt_decor_mini_mirrors
D:10:     minmay_flawed_box, layout_loops_ring, amethyst_overflow_temple_binary,
          serial_shops, nicolae_lakefront_shop, shop_statue, shop_fountains,
          nicolae_diamond_shop, nicolae_concentric_dashed_squares_mild
D:11:     layout_grid_maze, zombieorc2_lemuel
D:12:     layout_irregular_city
D:13:     layout_layer_cave
D:14:     wad_statue_garden, layout_loops_ring, glass_columns_b, uniq_louise,
          uniq_agnes, uniq_frances, uniq_kirke
Temple:   regret_index_temple_chain_breaker
Lair:1:   layout_misc_corridors, mumra_transporter_accident,
          nicolae_lair_run_with_the_wolves, uniq_maggie
Lair:2:   layout_loops_ring
Lair:3:   layout_concentric_octagons
Lair:4:   layout_regular_city, minmay_shoals_entry_lonely_mermaid,
          minmay_snake_entry_guardpost_medium
Lair:5:   layout_cellular_growth, minmay_slime_entry_oklob_open, worms_lemuel
Lair:6:   cheibrodos_lair_end_hotspot, layout_layer_cave, lemuel_centaur_altar
Abyss:3:  base: D:5, evilmike_abyss_exit_6, minivault_25

Skill      XL: |  1  2  3  4  5  6  7  8  9 10 11 12 13 14 15 |
---------------+----------------------------------------------+-----
Dodging        | 1 2 3 6 7 8 9 10 | 10.9
Shields        | 4 5 6 8 9 10 11 12 13 | 13.8
Axes           | 3 4 5 6 9 10 11 12 13 14 16 | 16.0
Fighting       | 4 5 8 9 10 11 12 | 12.8
Armour         | 4 5 7 8 9 10 11 12 | 12.7

Action                   |  1- 3 |  4- 6 |  7- 9 | 10-12 | 13-15 || total
-------------------------+-------+-------+-------+-------+-------++-------
Melee: War axe           |    92 |   126 |   278 |       |       ||   496
       Battleaxe         |       |       |       |   488 |  1064 ||  1552
 Abil: Dig               |       |       |       |     8 |     3 ||    11
Evoke: Wand              |       |       |       |     2 |     7 ||     9
  Use: Scroll            |       |     1 |    16 |    12 |     8 ||    37
       Potion            |       |     1 |     3 |     9 |     6 ||    19
 Stab: Invisible         |       |       |       |     1 |       ||     1
Armor: Scale mail        |    50 |    55 |    10 |       |       ||   115
       Chain mail        |       |       |   111 |    93 |       ||   204
       Plate armour      |       |       |       |   167 |   511 ||   678
       Skin              |       |       |       |       |     8 ||     8
Dodge: Dodged            |    43 |    65 |   121 |   222 |   531 ||   982
Block: Buckler           |    25 |    30 |    72 |   165 |   744 ||  1036

Table legend: (Time is in decaauts)
 A = Elapsed time spent in this place.
 B = Non-inter-level travel time spent in this place.
 C = Inter-level travel time spent in this place.
 D = Time resting spent in this place.
 E = Time spent auto-exploring this place.
 F = Levels seen in this place.
 G = Mean time per level.
                   A        B        C        D        E       F      G
               +--------+--------+--------+--------+--------+-----+--------+
         Total |  29025 |  27700 |   1325 |   2809 |  20089 |  23 | 1262.0 |
       Dungeon |  18390 |  17636 |    754 |   2016 |  12736 |  14 | 1313.6 |
        Temple |    170 |    137 |     33 |      0 |    121 |   1 |  170.0 |
          Lair |   9243 |   8706 |    537 |    781 |   6401 |   6 | 1540.5 |
         Abyss |    153 |    153 |      0 |     12 |      2 |   1 |  153.0 |
         Sewer |   1066 |   1066 |      0 |      0 |    829 |   1 | 1066.0 |
               +--------+--------+--------+--------+--------+-----+--------+

Top non-repeatable levels by time:
  Lair:6: 2354 daAuts
     D:5: 1928 daAuts
     D:7: 1773 daAuts
     D:4: 1753 daAuts
    D:10: 1748 daAuts
  Lair:1: 1719 daAuts
     D:8: 1712 daAuts
  Lair:5: 1510 daAuts
  Lair:2: 1462 daAuts
    D:11: 1387 daAuts
     D:6: 1367 daAuts
     D:9: 1330 daAuts
    D:13: 1239 daAuts
     D:1: 1201 daAuts
  Lair:4: 1107 daAuts
